 Dungeon Crawl Stone Soup version 0.23.0-3-gf3c87f2 (webtiles) character file.

Game seed: 8425806134130854744

146 Scud the Insei (level 5, -2/41 HPs)
             Began as a Demonspawn Monk on Feb 23, 2019.
             Was a Believer of Wu Jian.
             Slain by a kobold (3 damage)
             ... on level 3 of the Dungeon.
             The game lasted 00:09:52 (2599 turns).

Scud the Insei (Demonspawn Monk)                    Turns: 2599, Time: 00:09:53

Health: -2/41      AC:  2    Str: 13    XL:     5   Next: 7%
Magic:  5/5        EV: 19    Int: 11    God:    Wu Jian [**....]
Gold:   206        SH:  0    Dex: 22    Spells: 4/4 levels left

rFire    . . .     SeeInvis .     - Unarmed
rCold    + . .     Gourm    .   (no shield)
rNeg     . . .     Faith    .   a - +0 robe
rPois    .         Spirit   .   (no helmet)
rElec    .         Reflect  .   (no cloak)
rCorr    .         Harm     .   (no gloves)
MR       .....                  (no boots)
Stlth    ++++......             (no amulet)
HPRegen  0.13/turn              (no ring)
MPRegen  0.09/turn              (no ring)

@: agile
A: hooves 1, thin skeletal structure 1, cold resistance 1
a: Wall Jump, Renounce Religion


You were on level 3 of the Dungeon.
You worshipped Wu Jian.
Wu Jian was pleased with you.
You were not hungry.

You visited 1 branch of the dungeon, and saw 3 of its levels.

You collected 206 gold pieces.

Inventory:

Armour
 a - a +0 robe (worn)
Jewellery
 i - an uncursed amulet of guardian spirit {unknown}
Scrolls
 c - 6 scrolls of identify {unknown}
 d - a scroll of fog {unknown}
 e - a scroll of random uselessness {unknown}
 g - a scroll of enchant armour {unknown}
 h - a scroll of teleportation {unknown}
Potions
 f - a potion of agility
Comestibles
 b - 3 rations


   Skills:
 + Level 3.5 Fighting
 + Level 3.4 Dodging
 + Level 2.8 Stealth
 + Level 3.9 Unarmed Combat


You had 4 spell levels left.
You didn't know any spells.
Your spell library was empty.

Dungeon Overview and Level Annotations

Branches:
Dungeon (3/15)

Altars:
Nemelex Xobeh
Wu Jian


Innate Abilities, Weirdness & Mutations

You have large cloven feet.
You have a somewhat thin skeletal structure. (Dex +2, Stealth)
Your flesh is cold resistant. (rC+)


Message History

The kobold wields a +0 blowgun.
The kobold shoots a poisoned needle.
The poisoned needle completely misses you.
The kobold hits you with a +0 short sword.
* * * LOW HITPOINT WARNING * * *
You see here a poisoned needle.
You spin and attack the kobold.
You hit the kobold. Your kick misses the kobold.
The kobold is severely wounded.
The kobold shoots a poisoned needle.
The poisoned needle closely misses you. The kobold misses you.
You spin and attack the kobold.
You barely miss the kobold. You kick the kobold.
You kill the kobold!
The Council accepts your kill.
The kobold unwields a +0 blowgun.
The kobold closely misses you.
You spin and attack the kobold.
You closely miss the kobold. You kick the kobold.
The kobold is severely wounded.
The kobold hits you.
You die...

#...(...(. #....#..#
#.##....# #.##...##
#.##...# #K##...#
#.##...#
#†##...######.
#..K@.........
####.)........ ###
#.(######## ..# #..#
#.# #.(#
####.####..######
#.................
#.##.####..#######
####.##.####..########
#


You could see a kobold (pinned).

Vanquished Creatures
  7 adders
  An ooze (D:3)
  2 worms
  4 dart slugs
  A leopard gecko (D:2)
  11 bats
  3 giant cockroaches
  10 goblins
  10 hobgoblins
  A quokka (D:2)
  2 frilled lizards
  6 kobolds
  5 rats
63 creatures vanquished.

Notes
Turn   | Place    | Note
-------+----------+-------------------------------------------
     0 | D:1      | Scud the Demonspawn Monk began the quest for the Orb.
     0 | D:1      | Reached XP level 1. HP: 18/18 MP: 1/1
   122 | D:1      | Gained mutation: You have a somewhat thin skeletal
                  | structure. (Dex +2, Stealth) [demonic ancestry]
   122 | D:1      | Reached XP level 2. HP: 17/24 MP: 2/2
   169 | D:1      | HP: 1/24 [bat (1)]
   470 | D:1      | Found a sparkling altar of Nemelex Xobeh.
   863 | D:1      | Gained mutation: Your flesh is cold resistant. (rC+)
                  | [demonic ancestry]
   863 | D:1      | Reached XP level 3. HP: 29/29 MP: 3/3
  1606 | D:2      | Found a faded altar of an unknown god.
  1637 | D:2      | Gained mutation: You have large cloven feet. [demonic
                  | ancestry]
  1637 | D:2      | Reached XP level 4. HP: 16/35 MP: 4/4
  2099 | D:2      | Found an ornate altar of the Wu Jian Council.
  2105 | D:2      | Became a worshipper of the Wu Jian Council
  2105 | D:2      | Reached * piety under Wu Jian
  2105 | D:2      | Reached ** piety under Wu Jian
  2578 | D:3      | Reached XP level 5. HP: 17/41 MP: 5/5
  2580 | D:3      | HP: 2/41 [kobold/+0 short sword (5)]
  2596 | D:3      | HP: 1/41 [kobold/+0 short sword (5)]
  2599 | D:3      | Slain by a kobold

Skill      XL: |  1  2  3 |
---------------+----------+-----
Dodging        | 3 |  3.4
Unarmed Combat | 3 |  3.9
Stealth        | 2 |  2.8
Fighting       | |  3.5

Action                   |  1- 3 |  4- 6 || total
-------------------------+-------+-------++-------
Melee: Unarmed           |   139 |    89 ||   228
       Punch             |     2 |     2 ||     4
       Kick              |       |    25 ||    25
Invok: Whirlwind         |       |    24 ||    24
       Lunge             |       |     8 ||     8
 Abil: Wall Jump         |       |     1 ||     1
  Use: Potion            |       |     2 ||     2
 Stab: Sleeping          |     3 |     8 ||    11
  Eat: Ration            |     1 |     1 ||     2
       Chunk             |     1 |       ||     1
Armor: Robe              |    31 |    13 ||    44
Dodge: Dodged            |   101 |    65 ||   166
